 Dungeon Crawl Stone Soup version 0.29.0-11-gd7f09526c8 (webtiles) character file.

Game seed: 4815909472145198072

46 funkygono the Firebug (level 3, -12/19 HPs)
             Began as a Gargoyle Fire Elementalist on Sept 2, 2022.
             Mangled by an ogre
             ... wielding a +0 giant club
              (19 damage)
             ... on level 2 of the Dungeon.
             The game lasted 00:03:37 (2446 turns).

funkygono the Firebug (Gargoyle Fire Elementalist)  Turns: 2446, Time: 00:03:37

Health: -12/19     AC: 15    Str: 11    XL:     3   Next: 66%
Magic:  4/6        EV: 12    Int: 17    God:
Gold:   117        SH:  0    Dex: 10    Spells: 4/7 levels left

rFire   . . .      SeeInvis .   e - +0 club
rCold   . . .      Faith    .   (no shield)
rNeg    + . .      Spirit   .   a - +0 robe
rPois   ∞          Reflect  .   j - +0 helmet
rElec   +          Harm     .   (no cloak)
rCorr   .          Rampage  .   (no gloves)
Will    .....                   i - +0 pair of boots
Stlth   ++........              (no amulet)
HPRegen 0.06/turn               f - +4 ring of protection
MPRegen 0.10/turn               g - +4 ring of protection

@: no status effects
A: sickness immunity, AC +3, negative energy resistance 1, electricity
resistance, torment resistance 1, petrification resistance
a: no special abilities


You were on level 2 of the Dungeon.
You visited 1 branch of the dungeon, and saw 3 of its levels.

You collected 117 gold pieces.

Inventory:

Hand Weapons
 e - a +0 club (weapon)
Armour
 a - a +0 robe (worn)
 d - a +0 leather armour
 i - a +0 pair of boots (worn)
 j - a +0 helmet (worn)
Jewellery
 f - a +4 ring of protection (left hand)
 g - a +4 ring of protection (right hand)
Scrolls
 c - 2 scrolls of immolation {unknown}
 k - 2 scrolls of identify {unknown}
 l - a scroll of enchant armour {unknown}
 m - 2 scrolls of summoning {unknown}
 o - a scroll of poison {unknown}
 q - a scroll of vulnerability {unknown}
Potions
 b - a potion of magic
 h - a potion of mutation {unknown}
 n - a potion of berserk rage {unknown}
 p - a potion of curing {unknown}


   Skills:
 + Level 1.8 Dodging
 + Level 2.2 Stealth
 + Level 2.6 Spellcasting
 + Level 1.1 Conjurations
 + Level 3.9 Fire Magic


You had 4 spell levels left.
You knew the following spells:

 Your Spells              Type           Power      Damage    Failure   Level
a - Foxfire               Conj/Fire      40%        2x1d6     6%          1
b - Scorch                Fire           30%        2d7       5%          2

Your spell library contained the following spells:

 Spells                   Type           Power      Damage    Failure   Level
 Magic Dart               Conj           24%        1d4       11%         1
 Shock                    Conj/Air       16%        1d4       14%         1
 Conjure Flame            Conj/Fire      10%        6-21      19%         3
 Inner Flame              Hex/Fire       8%         N/A       24%         3
 Call Imp                 Summ           2%         N/A       28%         2
 Ensorcelled Hibernation  Hex/Ice        4%         N/A       28%         2
 Mephitic Cloud           Conj/Pois/Air  3%         N/A       43%         3
 Spider Form              Tmut/Pois      2%         N/A       50%         3
 Swiftness                Air            2%         N/A       50%         3
 Flame Wave               Conj/Fire      10%        2d6       54%         4
 Airstrike                Air            1%         2d(1-17)  88%         4
 Anguish                  Hex/Necr       1%         N/A       88%         4
 Irradiate                Conj/Tmut      2%         3d12      98%         5
 Blade Hands              Tmut           1%         N/A       99%         5
 Freezing Cloud           Conj/Ice/Air   1%         6-21      99%         5
 Dispersal                Tloc           1%         N/A       100%        6
 Simulacrum               Ice/Necr       1%         N/A       100%        6
 Dragon Form              Tmut           1%         N/A       100%        7
 Disjunction              Tloc           1%         N/A       100%        8
 Polar Vortex             Ice            1%         N/A       100%        9


Dungeon Overview and Level Annotations

Branches:
Dungeon (3/15)

Altars:

Shops:
D:3 *


Innate Abilities, Weirdness & Mutations

You are immune to sickness and miasma.
Your stone body is resilient. (AC +3)
You are immune to poison.
You resist negative energy. (rN+)
You are resistant to electric shocks. (rElec)
You are resistant to unholy torment.
You are immune to petrification.


Message History

Unknown command.
Casting: Scorch (safe; 6% risk of failure)
Confirm with . or Enter, or press ? or * to list all spells.
Flames lash the worm.
The worm is burned terribly!
You kill the worm!
Unknown command.
Casting: Scorch (safe; 5% risk of failure)
Confirm with . or Enter, or press ? or * to list all spells.
You don't have enough magic to cast this spell.
Unknown command.
You climb upwards.
There is a stone staircase leading down here.
You start resting.
Magic restored.
You climb downwards.
The ogre hits you with a +0 giant club!
Ouch! That really hurt!
* * * LOW HITPOINT WARNING * * *
There is a stone staircase leading up here.
The ogre completely misses you.
You climb upwards.
There is a stone staircase leading down here.
Unknown command.
The ogre attacks as you move away! The ogre hits you with a +0 giant club.
* * * LOW HITPOINT WARNING * * *
The ogre attacks as you move away! The ogre barely misses you.
Casting: Scorch (safe; 5% risk of failure)
Confirm with . or Enter, or press ? or * to list all spells.
You don't know that spell.
You see here a +0 robe.
There is a stone staircase leading up here.
You see here a +0 dagger.
Casting: Scorch (safe; 5% risk of failure)
Confirm with . or Enter, or press ? or * to list all spells.
Flames lash the ogre.
The ogre is lightly wounded.
The ogre's fire resistance burns away.
The ogre attacks as you move away!
The ogre hits you with a +0 giant club!!
Ouch! That really hurt!
You die...

#.........#
#.#######.#
#.#######.# #####
#.#.....#.# ....#
###.#.###.#.#
###.#######.....#
#.#.# #.............#
#.#.#
##.............###.#.#
#..............@O...>#
##....[........###.###
#..#.....#....# #.#
#..##....#..### #.#
#..###...#..# #.#
###..#.##..#..# #.#
#.....(.####..# #.#
#.####.### #..#####.#
.....###.# #..#.....#


You could see an ogre (combustible).

Vanquished Creatures
  An adder (D:2)
  2 worms
  2 ball pythons
  2 endoplasms (D:1)
  6 goblins
  3 hobgoblins
  2 quokkas
  2 bats (D:1)
  5 frilled lizards
  3 kobolds (D:1)
  3 rats
31 creatures vanquished.

Vanquished Creatures (others)
  53 foxfires
53 creatures vanquished.

Grand Total: 84 creatures vanquished

Notes
Turn   | Place    | Note
-------+----------+-------------------------------------------
     0 | D:1      | funkygono the Gargoyle Fire Elementalist began the quest
                  | for the Orb.
     0 | D:1      | Reached XP level 1. HP: 10/10 MP: 3/3
   281 | D:1      | Reached XP level 2. HP: 15/15 MP: 1/5
  1046 | D:2      | Learned a level 2 spell: Scorch
  1162 | D:2      | Reached XP level 3. HP: 19/19 MP: 3/6
  2151 | D:3      | Noticed an ogre
  2151 | D:3      | Found Eqicur's General Store.
  2446 | D:2      | Mangled by an ogre

Illustrated notes

Levels and vault maps discovered:
D:1:      spicycebolla_green_bress_n_ham, layout_basic
D:2:      layout_basic, serial_aquarium, aquarium_bridge_straight
          [aquarium_subvault_bridge, aquarium_subvault_window,
          aquarium_subvault_bridge, aquarium_subvault_wall],
          aquarium_bridge_straight [aquarium_subvault_bridge,
          aquarium_subvault_wall, aquarium_subvault_bridge,
          aquarium_subvault_window], aquarium_window_fake, aquarium_window_fake,
          aquarium_window_1, aquarium_view_2c, nrook_loot_triangle
D:3:      layout_loops_ring, nicolae_overflow_crystal_walls,
          gammafunk_ghost_necromancy, ebering_ecumenical_altar_hall,
          serial_shops, shop, shop, shop, shop, nicolae_shop_hallway_stairs,
          kennysheep_generic_room_14

Action                   || total
-------------------------++-------
Melee: Club              ||    39
       Punch             ||     1
 Cast: Foxfire           ||    31
       Scorch            ||     8
Armor: Robe              ||    15
Dodge: Dodged            ||    32
